 Dungeon Crawl Stone Soup version 0.29.0-4-gdea44cf6ec (webtiles) character file.

Game seed: 4552349856284278031

25 qw the Vexing (level 3, -3/35 HPs)
             Began as an Ogre Enchanter on Sept 3, 2022.
             Slain by a gnoll
             ... wielding a +0 club
              (5 damage)
             ... on level 2 of the Dungeon.
             The game lasted 00:00:55 (2102 turns).

qw the Vexing (Ogre Enchanter)                      Turns: 2102, Time: 00:00:55

Health: -3/35      AC:  3    Str: 14    XL:     3   Next: 4%
Magic:  6/6        EV:  9    Int: 16    God:
Gold:   81         SH:  0    Dex:  9    Spells: 6/6 levels left

rFire   . . .      SeeInvis .   h - +0 club
rCold   . . .      Faith    .   (no shield)
rNeg    . . .      Spirit   .   b - +0 robe
rPois   .          Reflect  .   (helmet restricted)
rElec   .          Harm     .   (no cloak)
rCorr   .          Rampage  .   (gloves unavailable)
Will    .....                   (boots unavailable)
Stlth   ++........              (no amulet)
HPRegen 0.11/turn               (no ring)
MPRegen 0.10/turn               (no ring)

@: no status effects
A: large, unfitting armour, tough skin 1
a: no special abilities


You were on level 2 of the Dungeon.
You visited 1 branch of the dungeon, and saw 2 of its levels.

You collected 81 gold pieces.


Innate Abilities, Weirdness & Mutations

You are too large for most types of armour.
You have tough skin. (AC +1)


   Skills:
 + Level 1.9 Fighting
 - Level 0.8 Short Blades
 - Level 2.0 Axes
 - Level 1.7 Dodging
 - Level 2.1 Stealth
 - Level 2.4 Spellcasting
 - Level 2.6 Hexes


You had 6 spell levels left.
You didn't know any spells.
Your spell library contained the following spells:

 Spells                   Type           Power      Damage    Failure   Level
 Ensorcelled Hibernation  Hex/Ice        12%        N/A       17%         2
 Confusing Touch          Hex            10%        N/A       21%         3
 Tukima's Dance           Hex            10%        N/A       21%         3
 Dazzling Flash           Conj/Hex       12%        N/A       34%         3

Inventory:

Hand Weapons
 h - a +0 club (weapon)
Armour
 b - a +0 robe (worn)
Scrolls
 a - 2 scrolls of teleportation {unknown}
 d - a scroll of blinking {unknown}
 i - a scroll of noise {unknown}
 j - a scroll of identify {unknown}
Potions
 c - 2 potions of invisibility
 e - a potion of curing {unknown}
 f - a potion of flight {unknown}
 g - a potion of brilliance {unknown}

Dungeon Overview and Level Annotations

Branches:
Dungeon (1/15)

Altars:


Message History

The gnoll shouts!
A gnoll comes into view. It is wielding a +0 club.
2087 ||| Stepping ~*~*~tactically~*~*~ (hiding).
You start waiting.
A gnoll is nearby!
The gnoll shouts!
You hear a shout!
You barely miss the gnoll. The gnoll hits you with a +0 club.
You hit the gnoll.
The gnoll is lightly wounded.
The gnoll hits you with a +0 club.
You closely miss the gnoll. You punch the gnoll.
The gnoll is moderately wounded.
The gnoll hits you with a +0 club.
You hit the gnoll but do no damage.
The gnoll is moderately wounded.
The gnoll hits you with a +0 club! The gnoll hits you with a +0 club.
You barely miss the gnoll. You punch the gnoll.
The gnoll is heavily wounded.
The gnoll barely misses you.
You closely miss the gnoll.
The gnoll is heavily wounded.
The gnoll barely misses you.
You barely miss the gnoll.
The gnoll is heavily wounded.
The gnoll hits you with a +0 club! The gnoll hits you but does no damage.
The frilled lizard hisses angrily.
You hit the gnoll but do no damage.
The gnoll is heavily wounded.
The gnoll closely misses you.
You hit the gnoll.
The gnoll is severely wounded.
The gnoll hits you with a +0 club.
You barely miss the gnoll.
The gnoll is severely wounded.
The gnoll barely misses you.
You closely miss the gnoll.
The gnoll is severely wounded.
The gnoll hits you with a +0 club.
You die...

#..# #..#
####..#
#.....#
#.##.##
#.##.#
#.##.#
#.##.#
#@##.#
#g##.#
g.gg...l.#.#
.######..#..
#..##. #..#
. ...# ##.#
.#


You could see a gnoll and a frilled lizard.

Vanquished Creatures
  A dart slug (D:1)
  4 ball pythons (D:1)
  3 bats (D:1)
  3 giant cockroaches (D:1)
  3 goblins (D:1)
  A hobgoblin (D:1)
  2 quokkas (D:1)
  A frilled lizard (D:1)
  2 rats (D:1)
20 creatures vanquished.

Vanquished Creatures (others)
  7 toadstools (D:1)
7 creatures vanquished.

Grand Total: 27 creatures vanquished

Notes
Turn   | Place    | Note
-------+----------+-------------------------------------------
     0 | D:1      | qw the Ogre Enchanter began the quest for the Orb.
     0 | D:1      | Reached XP level 1. HP: 16/16 MP: 3/3
     0 | D:1      | 0 ||| qw: Version: 0.1-a-102-g441f92d
     0 | D:1      | 0 ||| qw: Game counter: 5076
     0 | D:1      | 0 ||| qw: Always use a shield: true
     0 | D:1      | 0 ||| qw: God list: Okawaru
     0 | D:1      | 0 ||| qw: Allow faded altars: false
     0 | D:1      | 0 ||| qw: Do Orc after D:15 true
     0 | D:1      | 0 ||| qw: Do second Lair branch before Depths: true
     0 | D:1      | 0 ||| qw: Lair rune preference: random
     0 | D:1      | 0 ||| qw: Plans: Normal
     0 | D:1      | 0 ||| PLANNING D:1-11
   182 | D:1      | Reached skill level 1 in Axes
   224 | D:1      | HP: 3/18 [quokka (2)]
   231 | D:1      | HP: 1/18 [quokka (2)]
   233 | D:1      | Reached skill level 1 in Fighting
   538 | D:1      | Reached XP level 2. HP: 23/27 MP: 5/5
   729 | D:1      | 729 ||| SWAPPING to +0 club.
   730 | D:1      | 730 ||| DROPPING +1 dagger.
   930 | D:1      | 930 ||| Stepping ~*~*~tactically~*~*~ (hiding).
  1032 | D:1      | 1032 ||| Stepping ~*~*~tactically~*~*~ (hiding).
  1134 | D:1      | 1134 ||| Stepping ~*~*~tactically~*~*~ (hiding).
  1236 | D:1      | 1236 ||| Stepping ~*~*~tactically~*~*~ (hiding).
  1338 | D:1      | 1338 ||| Stepping ~*~*~tactically~*~*~ (hiding).
  1440 | D:1      | 1440 ||| Stepping ~*~*~tactically~*~*~ (hiding).
  1542 | D:1      | 1542 ||| Stepping ~*~*~tactically~*~*~ (hiding).
  1644 | D:1      | 1644 ||| Stepping ~*~*~tactically~*~*~ (hiding).
  1703 | D:1      | 1703 ||| Stepping ~*~*~tactically~*~*~ (stealth).
  1919 | D:1      | Reached XP level 3. HP: 31/35 MP: 6/6
  2074 | D:1      | You fall into a shaft and drop 1 floor!
  2087 | D:2      | 2087 ||| Stepping ~*~*~tactically~*~*~ (hiding).
  2098 | D:2      | HP: 5/35 [gnoll/+0 club (8)]
  2100 | D:2      | HP: 2/35 [gnoll/+0 club (3)]
  2102 | D:2      | Slain by a gnoll

Levels and vault maps discovered:
D:1:      nagdon_arrival_zigzag_paths, layout_basic,
          chequers_ecumenical_altar_simple, item_on_display_b
D:2:      layout_loops_ring, basic_altar, grunt_decor_cap, serial_bayou_pond_b,
          uniq_crazy_yiuf_cottage, uniq_robin

Skill      XL: |  1  2 |
---------------+-------+-----
Axes           | 1 2 |  2.0
Fighting       | 1 |  1.9
Short Blades   | |  0.8
Dodging        | |  1.7
Stealth        | |  2.1
Spellcasting   | |  2.4
Hexes          | |  2.6

Action                   || total
-------------------------++-------
Melee: Dagger            ||    71
       Club              ||    51
       Punch             ||     2
Armor: Robe              ||    50
Dodge: Dodged            ||    61

Table legend:
 A = Non-vault XP
 B = Vault XP
 C = Vault XP percentage of total XP
 D = Non-vault monster count
 E = Vault monster count
 F = Vault count percentage of total count
                 A         B        C        D         E       F
            +---------+---------+-------+---------+---------+-------
      Total |      36 |       0 |   0.0 |      20 |       0 |   0.0
            +---------+---------+-------+---------+---------+-------
        D:1 |      36 |       0 |   0.0 |      20 |       0 |   0.0
            +---------+---------+-------+---------+---------+-------
